 Dungeon Crawl Stone Soup version 0.27-a0-1299-g1ab19c6527 (webtiles) character file.

Game seed: 14810585640142161233

587 mordus the Shield-Bearer (level 7, -22/52 HPs)
             Began as a Formicid Fighter on June 16, 2021.
             Annihilated by an ogre (24 damage)
             ... on level 5 of the Dungeon.
             The game lasted 00:06:59 (5247 turns).

mordus the Shield-Bearer (Formicid Fighter)         Turns: 5247, Time: 00:07:00

Health: -22/52     AC:  7    Str: 22    XL:     7   Next: 65%
Magic:  7/7        EV:  8    Int:  7    God:
Gold:   195        SH: 10    Dex: 11    Spells: 6/6 levels left

rFire    + . .     SeeInvis +   a - +0 long sword
rCold    . . .     Faith    .   c - +0 kite shield
rNeg     . . .     Spirit   .   b - +0 scale mail
rPois    .         Reflect  .   (helmet unavailable)
rElec    .         Harm     .   e - scarf {+Inv}
rCorr    .         Rampage  .   (no gloves)
Will     .....                  (no boots)
Stlth    ..........             (no amulet)
HPRegen  0.17/turn              i - ring of protection from fire
MPRegen  0.10/turn              (no ring)

@: no status effects
A: permanent stasis, dig shafts and tunnels, antennae 3, four strong arms
a: Dig, Shaft Self, Evoke Invisibility


You were on level 5 of the Dungeon.
You visited 1 branch of the dungeon, and saw 5 of its levels.

You collected 195 gold pieces.

Inventory:

Hand Weapons
 a - a +0 long sword (weapon)
Missiles
 h - 6 atropa-tipped darts
Armour
 b - a +0 scale mail (worn)
 c - a +0 kite shield (worn)
 e - a scarf of invisibility (worn)
 m - a +0 tower shield
Jewellery
 i - a ring of protection from fire (left hand)
Scrolls
 f - a scroll of fog
 g - 2 scrolls of identify
Potions
 d - a potion of might
 k - a potion of heal wounds {unknown}
 l - a potion of brilliance {unknown}
 n - a potion of invisibility {unknown}
 p - a potion of mutation {unknown}


   Skills:
 - Level 3.2 Fighting
 * Level 5.7 Long Blades
 + Level 5.3 Armour
 + Level 5.8 Shields


You had 6 spell levels left.
You didn't know any spells.
Your spell library was empty.

Dungeon Overview and Level Annotations

Branches:
Dungeon (5/15)
 Temple: D:4-7

Altars:
Ashenzari

Shops:
D:2 [


Innate Abilities, Weirdness & Mutations

You cannot be hasted, slowed, berserked, paralysed or teleported.
You can dig through walls and to a lower floor.
You have a pair of large antennae on your head. (SInv)
Your four strong arms can wield two-handed weapons with a shield.


Message History

You block the scorpion's attack.
You barely miss the scorpion.
The scorpion is severely wounded.
The scorpion completely misses you. You block the scorpion's attack.
You closely miss the scorpion.
The scorpion is severely wounded.
You block the scorpion's attack.
You hit the scorpion.
The scorpion is severely wounded.
The scorpion stings you.
You slash the scorpion!
You kill the scorpion!
You start resting.
HP restored.
f - a scroll of fog
h - 6 atropa-tipped darts An ogre comes into view.
It is wielding a +0 giant spiked club.
The ogre shouts!
The ogre hits you with a +0 giant spiked club.
You slash the ogre!
The ogre is moderately wounded.
The ogre hits you with a +0 giant spiked club!!
You slash the ogre!
The ogre is severely wounded.
You block the ogre's attack.
You hit the ogre.
The ogre is almost dead.
You block the ogre's attack.
You hit the ogre.
The ogre is almost dead.
You block the ogre's attack.
Your shield and scale mail prevent you from hitting the ogre.
The ogre is almost dead.
The ogre hits you with a +0 giant spiked club!!
Ouch! That really hurt!
* * * LOW HITPOINT WARNING * * *
You hit the ogre but do no damage.
The ogre is almost dead.
The ogre hits you with a +0 giant spiked club!!
You die...

#.# #.#
#.# #.#
#.# #.#
#O#.. ..
#@#.# ...
#.#.#....
##.#.#....
#......#
#......#
#......#
#......#
##.#.###
#.#.#


You could see an ogre.

Vanquished Creatures
  Sigmund (D:2)
  3 scorpions
  A gnoll shaman (D:4)
  An iguana (D:4)
  Jessica (D:3)
  5 gnolls
  6 adders
  A worm (D:4)
  3 dart slugs
  An orc (D:4)
  4 bats
  5 endoplasms
  2 giant cockroaches
  11 goblins
  8 hobgoblins
  7 jackals (D:1)
  3 kobolds
  7 ball pythons
  5 frilled lizards
  3 rats (D:1)
78 creatures vanquished.

Notes
Turn   | Place    | Note
-------+----------+-------------------------------------------
     0 | D:1      | mordus the Formicid Fighter began the quest for the Orb.
     0 | D:1      | Reached XP level 1. HP: 18/18 MP: 1/1
   134 | D:1      | Reached XP level 2. HP: 17/24 MP: 2/2
   357 | D:1      | Reached XP level 3. HP: 21/29 MP: 3/3
  1186 | D:1      | Reached XP level 4. HP: 35/35 MP: 4/4
  1811 | D:2      | Found Rahellu's Armour Shoppe.
  2087 | D:2      | Noticed Sigmund
  2103 | D:2      | Killed Sigmund
  2104 | D:2      | Reached XP level 5. HP: 6/41 MP: 5/5
  2104 | D:2      | Reached XP level 6. HP: 7/47 MP: 6/6
  2972 | D:3      | Noticed Jessica
  2981 | D:3      | Killed Jessica
  2982 | D:3      | Reached skill level 5 in Shields
  3335 | D:3      | Found a broken altar of Ashenzari.
  4078 | D:4      | Reached skill level 5 in Long Blades
  4211 | D:4      | Reached skill level 5 in Armour
  4211 | D:4      | Reached XP level 7. HP: 19/52 MP: 7/7
  4212 | D:4      | HP: 1/52 [gnoll shaman (7)]
  5059 | D:5      | Entered Level 5 of the Dungeon
  5246 | D:5      | HP: 2/52 [ogre (29)]
  5247 | D:5      | Annihilated by an ogre

Illustrated notes

Levels and vault maps discovered:
D:1:      dpeg_arrival_morbid_curiosity, layout_loops_ring, kennysheep_doodads,
          serial_bayou_pond_d
D:2:      layout_loops_cross, serial_shops, shop, serial_bayou_ford_a,
          uniq_sigmund
D:3:      layout_loops_ring, lemuel_tele_altar, uniq_jessica
D:4:      kennysheep_six_static_rooms, layout_basic, minmay_misc_feat_five,
          corexii_item_surrounded_by_moat
D:5:      gammafunk_wand_slinger, layout_basic,
          hangedman_abyss_or_decor_lesser_grid, st_stairs_1

Skill      XL: |  1  2  3  4  5  6 |
---------------+-------------------+-----
Shields        | 4 5 |  5.8
Long Blades    | 3 4 5 |  5.7
Armour         | 4 5 |  5.3
Fighting       | |  3.2

Action                   |  1- 3 |  4- 6 |  7- 9 || total
-------------------------+-------+-------+-------++-------
Melee: Long sword        |    92 |   149 |    55 ||   296
  Use: Scroll            |       |       |     4 ||     4
       Potion            |       |       |     2 ||     2
Armor: Scale mail        |    55 |    42 |     8 ||   105
Dodge: Dodged            |    40 |    63 |    18 ||   121
Block: Kite shield       |    54 |    95 |    27 ||   176
       Rpst.: Long sword |    12 |    17 |     6 ||    35

Table legend: (Time is in decaauts)
 A = Elapsed time spent in this place.
 B = Non-inter-level travel time spent in this place.
 C = Inter-level travel time spent in this place.
 D = Time resting spent in this place.
 E = Time spent auto-exploring this place.
 F = Levels seen in this place.
 G = Mean time per level.
                   A        B        C        D        E       F      G
               +--------+--------+--------+--------+--------+-----+--------+
         Total |   5355 |   5283 |     72 |   1382 |   3205 |   5 | 1071.0 |
       Dungeon |   5355 |   5283 |     72 |   1382 |   3205 |   5 | 1071.0 |
               +--------+--------+--------+--------+--------+-----+--------+

Top non-repeatable levels by time:
     D:1: 1857 daAuts
     D:4: 1514 daAuts
     D:2: 994 daAuts
     D:3: 797 daAuts
     D:5: 191 daAuts
